 Dungeon Crawl Stone Soup version 0.19.4-10-g532645f (webtiles) character file.

552 galech the Cudgeler (level 7, 0/72 HPs)
             Began as an Ogre Fighter on Feb 25, 2017.
             Succumbed to a gnoll's poison
             ... on level 3 of the Dungeon.
             The game lasted 00:05:08 (2691 turns).

galech the Cudgeler (Ogre Fighter)                  Turns: 2691, Time: 00:05:09

Health: 0/72       AC:  3    Str: 21 (24) XL:     7   Next: 29%
Magic:  7/7        EV: 19    Int: 10 (12) God:
Gold:   145        SH:  9    Dex: 12 (14) Spells: 0 memorised, 6 levels left

rFire  . . .     SeeInvis .     a - +0 flail
rCold  . . .     Gourm    .     b - +0 robe
rNeg   . . .     Faith    .     c - +0 shield
rPois  .         Spirit   .     (helmet restricted)
rElec  .         Reflect  .     (no cloak)
rCorr  .         Harm     .     (gloves unavailable)
MR     .....                    (boots unavailable)
Stlth  +++.......               (no amulet)
                                (no ring)
                                e - +5 ring of evasion

@: brilliant, agile, lethally poisoned (0 -> -17), flying, very slightly
contaminated, invisible
A: unfitting armour, tough skin 1
a: no special abilities


You were on level 3 of the Dungeon.
You were not hungry.

You visited 1 branch of the dungeon, and saw 3 of its levels.
You also visited: Sewer.

You collected 145 gold pieces.

Inventory:

Hand Weapons
 a - a +0 flail (weapon)
Armour
 b - a +0 robe (worn)
 c - a +0 shield (worn)
Jewellery
 e - a +5 ring of evasion (left hand)
 z - an uncursed ring of magical power {unknown}
Scrolls
 g - a scroll of recharging {unknown}
 h - a scroll of immolation {unknown}
 i - 2 scrolls of fog
 j - a scroll of fear
 k - 2 scrolls of remove curse
 l - a scroll of identify {unknown}
 p - a scroll of magic mapping {unknown}
 s - a scroll of noise {unknown}
 t - a scroll of blinking {unknown}
 y - a scroll of amnesia {unknown}
Potions
 d - a potion of might
 o - a potion of heal wounds {unknown}
Books
 r - a book of Cantrips

   Spells                             Type                      Level
   a - Confusing Touch                Hexes                        1
   b - Animate Skeleton               Necromancy                   1
   c - Summon Small Mammal            Summoning                    1
   d - Apportation                    Translocation                1
Comestibles
 f - 2 bread rations
 u - 3 chunks of flesh
 w - a beef jerky


   Skills:
 + Level 5.4 Fighting
 + Level 7.0 Maces & Flails
 + Level 4.0 Dodging
 + Level 1.3 Stealth
 + Level 3.8 Shields


You had 6 spell levels left.
You didn't know any spells.

Dungeon Overview and Level Annotations

Branches:
Dungeon (3/15)

Altars:


Innate Abilities, Weirdness & Mutations

You are too large for most types of armour.
You have tough skin. (AC +1)


Message History

It was a potion of invisibility.
You fade into invisibility!
* * * LOW HITPOINT WARNING * * *
You feel sick. The gnoll closely misses you. The adder misses you.
The gnoll hits you from afar with a spear of venom.
* * * LOW HITPOINT WARNING * * *
You are more poisoned.
The gnoll misses you.
You are very lightly contaminated with residual magic.
* * * LOW HITPOINT WARNING * * *
You feel sick.
You see here a spear.
It was a potion of agility.
You feel agile all of a sudden.
* * * LOW HITPOINT WARNING * * *
You feel sick. The adder misses you. The adder closely misses you.
It was a potion of flight.
You feel very buoyant.
You fly up into the air.
You die...

...............#..#
........####.####.#
........# #.# #.##
........# #.# #..#
........# #.# #..#
######### #.# #.>#
.# #..#
###.####.g##.###
.......@Sg......
###.####g.##..##
#..# .# ##.# # ..
... .### .#


You could see 3 gnolls and an adder.

Vanquished Creatures
  The ghost of galech the Skirmisher, an amateur OgFi (D:3)
  3 big kobolds (Sewer)
  7 adders
  A gnoll (D:3)
  A river rat (D:3)
  4 oozes (Sewer)
  A worm (Sewer)
  4 dart slugs
  3 bats
  6 giant cockroaches
  7 hobgoblins
  4 jackals (D:1)
  8 ball pythons
  3 frilled lizards (D:1)
  9 goblins
  12 kobolds
  13 rats
87 creatures vanquished.

Notes
Turn   | Place    | Note
-------+----------+-------------------------------------------
     0 | D:1      | galech the Ogre Fighter began the quest for the Orb.
     0 | D:1      | Reached XP level 1. HP: 24/24 MP: 1/1
    97 | D:1      | Reached XP level 2. HP: 16/32 MP: 2/2
   115 | D:1      | Reached skill level 3 in Maces & Flails
   315 | D:1      | Reached XP level 3. HP: 27/39 MP: 3/3
  1415 | D:3      | Noticed galech's ghost (amateur OgFi)
  1422 | D:3      | Killed galech's ghost
  1422 | D:3      | Reached skill level 5 in Maces & Flails
  1422 | D:3      | Reached XP level 4. HP: 33/49 MP: 4/4
  1422 | D:3      | Reached XP level 5. HP: 37/55 MP: 5/5
  1425 | D:3      | Reached XP level 6. HP: 36/65 MP: 6/6
  1531 | D:3      | Found a glowing drain.
  1557 | Sewer    | Entered a sewer
  1597 | Sewer    | Reached skill level 5 in Fighting
  1597 | Sewer    | Reached skill level 6 in Maces & Flails
  1597 | Sewer    | Reached skill level 1 in Stealth
  2177 | Sewer    | Reached XP level 7. HP: 67/72 MP: 7/7
  2490 | D:3      | Reached skill level 7 in Maces & Flails
  2690 | D:3      | HP: 2/72 [poisoned by a gnoll]
  2691 | D:3      | Succumbed to a gnoll's poison

Skill      XL: |  1  2  3  4  5  6  7 |
---------------+----------------------+-----
Maces & Flails | 3 5 6 7 |  7.0
Dodging        | 3 4 |  4.0
Shields        | 3 |  3.8
Fighting       | 5 |  5.4
Stealth        | 1 |  1.3

Action                   |  1- 3 |  4- 6 |  7- 9 || total
-------------------------+-------+-------+-------++-------
Melee: Flail             |   146 |    83 |    67 ||   296
  Use: Potion            |     1 |       |     5 ||     6
       Scroll            |       |       |     3 ||     3
 Stab: Sleeping          |     1 |     1 |     1 ||     3
  Eat: Chunk             |     2 |     2 |     3 ||     7
Armor: Robe              |    32 |    13 |    14 ||    59
Dodge: Dodged            |    87 |    52 |    53 ||   192
Block: Shield            |    77 |    38 |    35 ||   150
